 Dungeon Crawl Stone Soup version 0.27-a0-1158-gaa87e14f67 (webtiles) character file.

Game seed: 834654256669576766

61 voltaire321 the Caller (level 4, -2/28 HPs)
             Began as an Octopode Summoner on May 16, 2021.
             Slain by an orc priest
             ... wielding a +0 hand axe
              (4 damage)
             ... on level 3 of the Dungeon.
             The game lasted 00:07:13 (2439 turns).

voltaire321 the Caller (Octopode Summoner)          Turns: 2439, Time: 00:07:13

Health: -2/28      AC:  1    Str:  7    XL:     4   Next: 7%
Magic:  4/7        EV: 13    Int: 18    God:
Gold:   64         SH:  0    Dex: 12    Spells: 4/7 levels left

rFire    . . .     SeeInvis .   a - +0 dagger
rCold    . . .     Faith    .   (no shield)
rNeg     . . .     Spirit   .   (helmet restricted)
rPois    .         Reflect  .   (no amulet)
rElec    .         Harm     .   (no ring)
rCorr    .         Rampage  .   (no ring)
Will     .....                  (no ring)
Stlth    +++.......             (no ring)
HPRegen  0.09/turn              (no ring)
MPRegen  0.10/turn              (no ring)
                                (no ring)
                                (no ring)

@: no status effects
A: almost no armour, amphibious, 8 rings, camouflage 1, gelatinous body 1,
(nimble swimmer 1), tentacles
a: no special abilities


You were on level 3 of the Dungeon.
You visited 1 branch of the dungeon, and saw 3 of its levels.

You collected 64 gold pieces.

Inventory:

Hand Weapons
 a - a +0 dagger (weapon)
Armour
 e - a +0 kite shield
Scrolls
 b - 6 scrolls of identify {unknown}
 c - a scroll of immolation {unknown}
 f - a scroll of blinking {unknown}
 k - a scroll of teleportation {unknown}
Potions
 d - a potion of flight {unknown}
 g - 2 potions of curing {unknown}
 h - 3 potions of heal wounds {unknown}
 i - a potion of degeneration {unknown}
 j - a potion of brilliance {unknown}


   Skills:
 + Level 1.3 Fighting
 + Level 2.5 Dodging
 + Level 3.5 Stealth
 - Level 0.2 Unarmed Combat
 + Level 2.4 Spellcasting
 + Level 4.3 Summonings


You had 4 spell levels left.
You knew the following spells:

 Your Spells              Type           Power      Damage    Failure   Level
a - Call Imp              Summ           17%        N/A       4%          2
b - Summon Small Mammal   Summ           68%        N/A       3%          1

Your spell library contained the following spells:

 Spells                   Type           Power      Damage    Failure   Level
 Call Canine Familiar     Summ           17%        N/A       9%          3
 Summon Guardian Golem    Hex/Summ       10%        N/A       22%         3
 Summon Ice Beast         Ice/Summ       10%        N/A       56%         4
 Summon Lightning Spire   Summ/Air       10%        N/A       56%         4


Dungeon Overview and Level Annotations

Branches:
Dungeon (3/15)

Altars:


Innate Abilities, Weirdness & Mutations

You cannot wear most types of armour.
You are amphibious.
You can wear up to eight rings at the same time.
Your skin changes colour to match your surroundings (Stealth+).
Your rubbery body absorbs attacks. (AC +1, EV +1)
((You are camouflaged near water. (Stealth+)))
You have tentacles for arms and can constrict up to eight enemies at once.


Message History

Your white imp gestures at the jackal.
The puff of frost hits the jackal!
The jackal dies!
What are your orders? t - Shout!
Orders for allies: a - Attack new target. r - Retreat! s - Stop attacking. g - Guard the area. f - Follow me.
Anything else - Cancel.
Gang up on whom?
Press: ? - help, Dir - move target, f - orc priest
Aim: an orc priest, wielding a +0 hand axe and wearing a +0 leather armour Attack!
Your white imp hits the orc priest.
Your white imp freezes the orc priest.
The orc priest mumbles some strange prayers to Beogh against you.
Beogh smites you!
* * * LOW HITPOINT WARNING * * *
Your white imp gestures at the orc priest.
The puff of frost hits the orc priest.
The orc priest miscasts a cantrip.
Your white imp barely misses the orc priest.
The orc priest mumbles some strange prayers to Beogh against your white imp.
Your white imp is smitten.
Your white imp dies!
Casting: Call Imp (safe; 4% risk of failure)
Confirm with . or Enter, or press ? or * to list all spells.
A beastly little devil appears in a puff of flame.
The orc priest shouts!
You hit the orc priest but do no damage.
You grab the orc priest.
The orc priest is almost dead.
You constrict the orc priest, but do no damage.
The orc priest closely misses you.
The orc priest hits your crimson imp with a +0 hand axe.
Your crimson imp hits the orc priest but does no damage.
You completely miss the orc priest.
The orc priest is almost dead.
You constrict the orc priest, but do no damage.
The orc priest hits you with a +0 hand axe.
You die...

.... .o. ..#
..### #...#
#...#
####...##.##
#5o†...'....
##
#@##...##.##
.. #.##...#
###.#.######
#....))...#
#####.###.#
...# #.#
##### #†#
##.####
#.....#


You could see an orc priest (ally target) and a friendly crimson imp (summoned).

Vanquished Creatures
  An adder (D:2)
  A worm (D:3)
  A dart slug (D:1)
  2 orcs (D:3)
  2 endoplasms
  3 giant cockroaches
  A goblin (D:1)
  A hobgoblin (D:1)
  3 jackals
  A kobold (D:1)
  3 quokkas
  A ball python (D:2)
  4 bats
  4 frilled lizards
  2 rats
30 creatures vanquished.

Vanquished Creatures (collateral kills)
  A worm (D:2)
  A ball python (D:3)
  2 goblins
  A hobgoblin (D:2)
  10 jackals
  A quokka (D:2)
  2 bats (D:2)
  2 kobolds (D:2)
  4 rats
24 creatures vanquished.

Vanquished Creatures (others)
  5 plants (D:2)
5 creatures vanquished.

Grand Total: 59 creatures vanquished

Notes
Turn   | Place    | Note
-------+----------+-------------------------------------------
     0 | D:1      | voltaire321 the Octopode Summoner began the quest for the
                  | Orb.
     0 | D:1      | Reached XP level 1. HP: 11/11 MP: 3/3
   245 | D:1      | Found a faded altar of an unknown god.
   394 | D:1      | Reached XP level 2. HP: 18/18 MP: 3/5
   642 | D:1      | Learned a level 2 spell: Call Imp
  1305 | D:2      | Reached XP level 3. HP: 22/22 MP: 6/6
  1309 | D:2      | Reached skill level 1 in Fighting
  2374 | D:3      | Reached XP level 4. HP: 26/28 MP: 4/7
  2439 | D:3      | Slain by an orc priest

Illustrated notes

Levels and vault maps discovered:
D:1:      grunt_arrival_crossed_arrows, layout_loops_ring,
          ebering_ecumenical_altar_sacrificial, chequers_serial_rivers_large_b
D:2:      layout_rooms, hangedman_decor_push, serial_bayou_ford_a
D:3:      layout_basic, fedhas_ov_isle_minmay, nicolae_overflow_hidden_temple,
          corexii_leaking_fountain, uniq_sigmund, uniq_ijyb, uniq_robin

Skill      XL: |  1  2  3 |
---------------+----------+-----
Stealth        | 3 |  3.5
Fighting       | 1 |  1.3
Dodging        | |  2.5
Unarmed Combat | |  0.2
Spellcasting   | |  2.4
Summonings     | |  4.3

Action                   |  1- 3 |  4- 6 || total
-------------------------+-------+-------++-------
Melee: Unarmed           |     9 |       ||     9
       Constrict         |    22 |     1 ||    23
       Dagger            |    74 |     7 ||    81
       Tentacles         |    10 |     1 ||    11
 Cast: Summon Small Mamm |     7 |       ||     7
       Call Imp          |    15 |     3 ||    18
 Stab: Sleeping          |     9 |       ||     9
       Distracted        |     1 |       ||     1
Armor: Skin              |     7 |       ||     7
Dodge: Dodged            |    67 |     4 ||    71

Table legend: (Time is in decaauts)
 A = Elapsed time spent in this place.
 B = Non-inter-level travel time spent in this place.
 C = Inter-level travel time spent in this place.
 D = Time resting spent in this place.
 E = Time spent auto-exploring this place.
 F = Levels seen in this place.
 G = Mean time per level.
                   A        B        C        D        E       F      G
               +--------+--------+--------+--------+--------+-----+--------+
         Total |   2437 |   2386 |     51 |   1118 |    778 |   3 |  812.3 |
       Dungeon |   2437 |   2386 |     51 |   1118 |    778 |   3 |  812.3 |
               +--------+--------+--------+--------+--------+-----+--------+

Top non-repeatable levels by time:
     D:1: 1300 daAuts
     D:2: 1026 daAuts
     D:3: 110 daAuts
